 Dungeon Crawl Stone Soup version 0.31-a0-182-gc5ef74bbde (webtiles) character file.

Game seed: 13962788703762707971

2741 qw the Cleaver (level 9, 0/55 HPs)
             Began as a Gargoyle Fighter on June 20, 2023.
             Slain by a water moccasin (7 damage)
             ... on level 7 of the Dungeon.
             The game lasted 00:02:53 (5234 turns).

qw the Cleaver (Gargoyle Fighter)                   Turns: 5234, Time: 00:02:54

Health: 0/55       AC: 21    Str: 24    XL:     9   Next: 68%
Magic:  9/9        EV:  6    Int:  9    God:
Gold:   490        SH:  9    Dex:  9    Spells: 8/8 levels left

rFire   . . .        Y - +1 war axe (venom)
rCold   . . .        f - +0 kite shield
rNeg    + . .        p - +0 plate armour
rPois   inf          i - +0 helmet
rElec   +            j - +0 cloak
rCorr   +            (no gloves)
SInv    .            (no boots)
Will    .....        (no amulet) Stlth
                     q - ring of resist corrosion
HPRegen 0.29/turn    (no ring)
MPRegen 0.11/turn

%: no passive effects
@: about to teleport
A: sickness immunity, AC +6, negative energy resistance 1, electricity
resistance, torment resistance 1, petrification resistance
a: no special abilities


You were on level 7 of the Dungeon.
You visited 1 branch of the dungeon, and saw 7 of its levels.

You collected 490 gold pieces.


Innate Abilities, Weirdness & Mutations

You are immune to sickness and miasma.
Your stone body is resilient. (AC +6)
You are immune to poison.
You resist negative energy. (rN+)
You are resistant to electric shocks. (rElec)
You are resistant to unholy torment.
You are immune to petrification.


   Skills:
 - Level 6.0 Fighting
 + Level 8.7 Axes
 - Level 5.2 Armour
 - Level 1.1 Dodging
 - Level 8.0 Shields


You had 8 spell levels left.
You didn't know any spells.
Your spell library was empty.

Inventory:

Hand Weapons
 e - a +0 flail
 k - a +0 morningstar
 Y - a +1 war axe of venom (weapon)
Armour
 f - a +0 kite shield (worn)
 i - a +0 helmet (worn)
 j - a +0 cloak (worn)
 p - a +0 plate armour (worn)
Jewellery
 q - a ring of resist corrosion (left hand)
Scrolls
 a - 3 scrolls of identify
 m - 2 scrolls of teleportation
Potions
 b - 2 potions of mutation
 c - 2 potions of heal wounds
 d - a potion of might
 g - a potion of magic
 h - 3 potions of curing
 l - 2 potions of cancellation
 n - a potion of lignification
 r - a potion of resistance

Dungeon Overview and Level Annotations

Branches:
Dungeon (7/15)
 Temple: D:4-7

Altars:
Ashenzari
Hepliaklqana
Kikubaaqudgha
Makhleb
Qazlal
Ru
Wu Jian


Message History

You are engulfed in a cloud of scalding steam.
You block the steam dragon's attack. x2
You closely miss the steam dragon.
A troll comes into view.
The steam dragon bites you but does no damage.
The steam dragon claws you but does no damage.
You block the steam dragon's attack. x2
You slash the steam dragon!
The steam dragon is poisoned.
The steam dragon is moderately wounded.
The steam dragon barely misses you.
The steam dragon claws you but does no damage.
You slash the steam dragon!
The steam dragon looks as sick as possible!
The steam dragon is almost dead.
The steam dragon breathes steam at you. The ball of steam hits you!
You hear an angry hiss.
You hit the steam dragon.
The steam dragon looks as sick as possible!
The steam dragon is almost dead.
You are engulfed in a cloud of scalding steam.
The steam dragon bites you but does no damage.
You block the steam dragon's attack.
You hit the steam dragon but do no damage.
The steam dragon looks as sick as possible!
The steam dragon is almost dead.
You are engulfed in a cloud of scalding steam.
You kill the steam dragon!
A water moccasin comes into view.
You hit the troll but do no damage.
The troll is poisoned.
You closely miss the water moccasin. The troll bites you!
The troll claws you but does no damage. You block the troll's attack.
You block the water moccasin's attack. The troll barely misses you.
The troll claws you. The troll claws you but does no damage.
5234 ||| READING 3 scrolls of teleportation.
As you read the scroll of teleportation, it crumbles to dust.
You feel strangely unstable. The water moccasin bites you!
You die...

##...# .....#
#....# ### #....#
#... #....# #
#.#.#.###....# #.#
/.....)......#...
#.....)[.T#..#.#.#
.....¤.¤.@S......#
###.#######..#.###
...######.....#
.#.........#...#
#.#######.#...#
...........<#
#######.##..#
>...........#
#######.##.##


You could see a troll (very poisoned) and a water moccasin.

Vanquished Creatures
  Pikel (D:5)
  A steam dragon (D:7)
  Duvessa (D:4)
  A hornet zombie (D:6)
  An ogre (D:5)
  3 phantoms
  A kobold brigand (D:6)
  2 wyvern zombies (D:6)
  A bullfrog (D:6)
  2 necrophages (D:6)
  3 scorpions
  5 wights
  Dowan (D:4)
  2 bullfrog zombies (D:6)
  2 centaur zombies (D:6)
  7 hounds
  A gnoll bouda (D:5)
  A human zombie (D:6)
  A sleepcap (D:6)
  An orc wizard (D:5)
  Natasha (thrice) (D:3)
  2 iguanas
  A mummy (D:6)
  4 gnolls
  9 adders
  A shadow imp (D:5)
  3 dart slugs
  6 orcs
  5 endoplasms
  8 giant cockroaches
  8 goblins
  5 hobgoblins
  6 jackals
  4 quokkas
  12 ball pythons
  4 bats
  2 frilled lizards
  12 kobolds
  9 rats
142 creatures vanquished.

Vanquished Creatures (others)
  A hobgoblin (D:4)
1 creature vanquished.

Grand Total: 143 creatures vanquished

Notes
Turn   | Place    | Note
-------+----------+-------------------------------------------
     0 | D:1      | qw the Gargoyle Fighter began the quest for the Orb.
     0 | D:1      | Reached XP level 1. HP: 14/14 MP: 1/1
     0 | D:1      | 0 ||| qw: Version: 0.3-a-9-g12657ce
     0 | D:1      | 0 ||| qw: Game counter: 1393
     0 | D:1      | 0 ||| qw: Always use a shield: true
     0 | D:1      | 0 ||| qw: God list: Okawaru
     0 | D:1      | 0 ||| qw: Allow faded altars: false
     0 | D:1      | 0 ||| qw: Do Orc after D:15 true
     0 | D:1      | 0 ||| qw: Do second Lair branch before Depths: true
     0 | D:1      | 0 ||| qw: Lair rune preference: random
     0 | D:1      | 0 ||| qw: Plans: Normal, Zot:1-4, Slime:5, God:TSO, Crypt,
                  | Tomb, Abyss, Pan, Hells, Win
     0 | D:1      | 0 ||| PLANNING D:1-11
   157 | D:1      | Reached XP level 2. HP: 7/19 MP: 2/2
   399 | D:1      | Reached skill level 3 in Axes
   407 | D:1      | Reached XP level 3. HP: 21/23 MP: 3/3
   414 | D:1      | 414 ||| DROPPING +0 club.
   487 | D:1      | 487 ||| Stepping ~*~*~tactically~*~*~ (stealth).
   493 | D:1      | 493 ||| FLEEEEING.
   494 | D:1      | 494 ||| FLEEEEING.
   495 | D:1      | 495 ||| FLEEEEING.
   775 | D:1      | 775 ||| UPGRADING to +0 chain mail.
   785 | D:1      | 785 ||| DROPPING +0 scale mail.
   786 | D:1      | 786 ||| UPGRADING to +0 helmet.
   791 | D:1      | 791 ||| UPGRADING to +0 cloak.
   796 | D:1      | 796 ||| DROPPING scarf of harm.
   797 | D:1      | 797 ||| READING scroll labelled XAROZO ECEU.
   798 | D:1      | 798 ||| READING scroll labelled CESOAX KODGHA.
   799 | D:1      | 799 ||| READING scroll labelled RUNITOJ BEUS.
   800 | D:1      | 800 ||| READING 2 scrolls labelled GOMADY NIADWUE.
   835 | D:2      | Found a stormy altar of Qazlal.
  1035 | D:2      | 1035 ||| Stepping ~*~*~tactically~*~*~ (hiding).
  1037 | D:2      | 1037 ||| Stepping ~*~*~tactically~*~*~ (hiding).
  1275 | D:2      | Reached XP level 4. HP: 28/28 MP: 4/4
  1367 | D:2      | 1367 ||| UPGRADING to +0 plate armour.
  1377 | D:2      | 1377 ||| DROPPING +0 chain mail.
  1378 | D:2      | 1378 ||| READING scroll labelled YPUCUMUSCHY.
  1379 | D:2      | 1379 ||| READING scroll labelled SYHONY UMEO.
  1397 | D:3      | 1397 ||| DROPPING +0 whip.
  1422 | D:3      | 1422 ||| Stepping ~*~*~tactically~*~*~ (stealth).
  1424 | D:3      | 1424 ||| Stepping ~*~*~tactically~*~*~ (stealth).
  1490 | D:3      | 1490 ||| Stepping ~*~*~tactically~*~*~ (hiding).
  1498 | D:3      | 1498 ||| FLEEEEING.
  1580 | D:3      | Noticed Natasha
  1581 | D:3      | 1581 ||| Stepping ~*~*~tactically~*~*~ (hiding).
  1587 | D:3      | Killed Natasha
  1707 | D:3      | 1707 ||| Stepping ~*~*~tactically~*~*~ (hiding).
  1877 | D:3      | Noticed Natasha
  1887 | D:3      | Killed Natasha
  1888 | D:3      | Reached XP level 5. HP: 25/32 MP: 5/5
  1947 | D:3      | Noticed Natasha
  1950 | D:3      | Killed Natasha
  2010 | D:3      | Found a broken altar of Ashenzari.
  2307 | D:3      | 2307 ||| UPGRADING to ring of resist corrosion.
  2308 | D:3      | 2308 ||| READING scroll labelled YDENYLLETI.
  2309 | D:3      | 2309 ||| DRINKING 2 sapphire potions.
  2310 | D:3      | 2310 ||| DRINKING 2 fizzy brown potions.
  2311 | D:3      | 2311 ||| READING 3 scrolls of identify.
  2311 | D:3      | 2311 ||| IDENTIFYING blue potion
  2312 | D:3      | 2312 ||| READING 2 scrolls of identify.
  2312 | D:3      | 2312 ||| IDENTIFYING fizzy emerald potion
  2313 | D:3      | 2313 ||| DROPPING potion of brilliance.
  2391 | D:4      | Reached XP level 6. HP: 38/38 MP: 6/6
  2391 | D:4      | 2391 ||| Stepping ~*~*~tactically~*~*~ (stealth).
  2392 | D:4      | 2392 ||| Stepping ~*~*~tactically~*~*~ (stealth).
  2397 | D:4      | Noticed Duvessa
  2401 | D:4      | Noticed Dowan
  2408 | D:4      | HP: 9/38 [Duvessa/+4 short sword of draining (3)]
  2409 | D:4      | 2409 ||| READING 3 scrolls of teleportation.
  2410 | D:4      | Killed Duvessa
  2412 | D:4      | 2412 ||| DRINKING potion of heal wounds.
  2413 | D:4      | Reached skill level 6 in Axes
  2504 | D:4      | 2504 ||| Stepping ~*~*~tactically~*~*~ (stealth).
  2598 | D:4      | 2598 ||| Stepping ~*~*~tactically~*~*~ (stealth).
  2611 | D:4      | 2611 ||| Stepping ~*~*~tactically~*~*~ (stealth).
  2635 | D:4      | 2635 ||| Stepping ~*~*~tactically~*~*~ (hiding).
  2642 | D:4      | Killed Dowan
  2643 | D:4      | Reached XP level 7. HP: 19/43 MP: 7/7
  2765 | D:4      | 2765 ||| Stepping ~*~*~tactically~*~*~ (stealth).
  2975 | D:4      | 2975 ||| UPGRADING to +0 kite shield.
  2985 | D:4      | 2985 ||| DROPPING +0 buckler.
  2986 | D:4      | 2986 ||| DROPPING ring of flight.
  2987 | D:4      | 2987 ||| READING 2 scrolls labelled VAZATOQ INKI.
  2988 | D:4      | 2988 ||| READING 3 scrolls of identify.
  2988 | D:4      | 2988 ||| IDENTIFYING pink potion
  2989 | D:4      | 2989 ||| READING 2 scrolls of identify.
  2989 | D:4      | 2989 ||| IDENTIFYING smoky black potion
  2990 | D:4      | 2990 ||| DROPPING potion of invisibility.
  2991 | D:4      | 2991 ||| DROPPING scroll of vulnerability.
  3025 | D:5      | Entered Level 5 of the Dungeon
  3089 | D:5      | Noticed Pikel
  3099 | D:5      | Killed Pikel
  3100 | D:5      | Reached XP level 8. HP: 16/48 MP: 8/8
  3336 | D:5      | 3336 ||| FLEEEEING.
  3337 | D:5      | 3337 ||| FLEEEEING.
  3338 | D:5      | 3338 ||| FLEEEEING.
  3341 | D:5      | 3341 ||| FLEEEEING.
  3342 | D:5      | 3342 ||| FLEEEEING.
  3343 | D:5      | 3343 ||| FLEEEEING.
  3344 | D:5      | 3344 ||| FLEEEEING.
  3345 | D:5      | 3345 ||| FLEEEEING.
  3346 | D:5      | 3346 ||| FLEEEEING.
  3347 | D:5      | 3347 ||| Stepping ~*~*~tactically~*~*~ (hiding).
  3348 | D:5      | 3348 ||| Stepping ~*~*~tactically~*~*~ (hiding).
  3498 | D:5      | 3498 ||| Stepping ~*~*~tactically~*~*~ (stealth).
  3572 | D:5      | Found a sacrificial altar of Ru.
  3572 | D:5      | Found an ornate altar of the Wu Jian Council.
  3613 | D:5      | Found a stormy altar of Qazlal.
  3799 | D:5      | Found a burning altar of Makhleb.
  4068 | D:5      | 4068 ||| Stepping ~*~*~tactically~*~*~ (stealth).
  4070 | D:5      | 4070 ||| Stepping ~*~*~tactically~*~*~ (hiding).
  4091 | D:5      | 4091 ||| READING scroll labelled ZONUOCZ MEMIHYASO.
  4092 | D:5      | 4092 ||| DRINKING 2 bubbling amethyst potions.
  4188 | D:6      | Reached skill level 1 in Dodging
  4366 | D:6      | Found an ancient bone altar of Kikubaaqudgha.
  4388 | D:6      | Reached XP level 9. HP: 54/54 MP: 9/9
  4805 | D:6      | Reached skill level 6 in Fighting
  4844 | D:6      | Identified the +0 whip of Slow Death {vamp, Dex+2}
  4992 | D:6      | Found a faded altar of an unknown god.
  4994 | D:6      | Found a faded altar of an unknown god.
  4994 | D:6      | Found a hazy altar of Hepliaklqana.
  5115 | D:6      | 5115 ||| READING scroll labelled DIVUERAIVU.
  5116 | D:6      | 5116 ||| READING 5 scrolls of identify.
  5116 | D:6      | 5116 ||| IDENTIFYING black potion
  5117 | D:6      | 5117 ||| READING 4 scrolls of identify.
  5117 | D:6      | 5117 ||| IDENTIFYING glowing grey potion
  5118 | D:6      | 5118 ||| DROPPING potion of ambrosia.
  5227 | D:7      | Noticed a troll
  5233 | D:7      | HP: 7/55 [troll (10)]
  5234 | D:7      | 5234 ||| READING 3 scrolls of teleportation.
  5234 | D:7      | Slain by a water moccasin

Levels and vault maps discovered:
D:1:      nicolae_arrival_memento_mori, layout_basic, dreamdust_princess_bridge,
          minmay_vboxes
D:2:      layout_rooms, basic_altar, grunt_ministairs_5,
          kennysheep_generic_room_10
D:3:      layout_rooms, nicolae_ashenzari_panopticon, saegor_snake_ambush,
          uniq_natasha
D:4:      layout_rooms, kennysheep_okawaru_gauntlet, minmay_crystal_water,
          minmay_bent, uniq_duvessa
D:5:      layout_basic, overflow_temple_1_default,
          gammafunk_temple_overflow_forgotten, serial_bayou_pond_e,
          minmay_misc_feat_enclosed, uniq_pikel
D:6:      layout_basic, lemuel_mausoleum_altar_kikubaaqudgha,
          nicolae_hepliaklqana_ecumenical_no_more
D:7:      layout_basic, grunt_temple_overflow_cloverleaf,
          minmay_temple_entry_waves, serial_shops,
          nicolae_shop_tiny_statue_garden, glass_columns_c

Skill      XL: |  1  2  3  4  5  6  7  8  9 |
---------------+----------------------------+-----
Axes           | 2 3 4 5 6 7 8 |  8.7
Fighting       | 4 5 6 |  6.0
Armour         | 4 5 |  5.2
Shields        | 7 8 |  8.0
Dodging        | 1 |  1.1

Action                     |  1- 3 |  4- 6 |  7- 9 || total
---------------------------+-------+-------+-------++-------
  Melee: War axe           |   102 |   120 |   247 ||   469
    Use: Scroll            |     4 |     6 |     8 ||    18
         Potion            |       |     3 |     1 ||     4
 Armour: Scale mail        |    31 |       |       ||    31
         Chain mail        |    28 |     5 |       ||    33
         Plate armour      |       |    77 |   129 ||   206
  Dodge: Dodged            |    48 |    32 |    62 ||   142
  Block: Buckler           |    22 |    24 |     2 ||    48
         Kite shield       |       |       |   113 ||   113

Table legend:
 A = Non-vault XP
 B = Vault XP
 C = Vault XP percentage of total XP
 D = Non-vault monster count
 E = Vault monster count
 F = Vault count percentage of total count
                 A         B        C        D         E       F
            +---------+---------+-------+---------+---------+-------
      Total |    2088 |    1829 |  46.7 |     109 |      33 |  23.2
            +---------+---------+-------+---------+---------+-------
        D:1 |      27 |      23 |  46.0 |      17 |       6 |  26.1
        D:2 |      34 |       5 |  12.8 |      19 |       3 |  13.6
        D:3 |     116 |      48 |  29.3 |      21 |       2 |   8.7
        D:4 |     149 |     320 |  68.2 |      15 |       9 |  37.5
        D:5 |     749 |     641 |  46.1 |      21 |       1 |   4.5
        D:6 |     540 |     792 |  59.5 |      11 |      12 |  52.2
        D:7 |     473 |       0 |   0.0 |       5 |       0 |   0.0
            +---------+---------+-------+---------+---------+-------
